[ AOE2 MATCH · #461819829 ]
1v1 RMAztecs vs Inca
Player's team · WIN
Rival team · LOSS
[ REPLAY ANALYSIS · EXTRACTED FROM THE RECORDED GAME ]
Feudal
11:43
Castle
15:54
Imperial
—
| APM avg | 27.6 |
| APM peak | 50 |
| eAPM avg | 17.9 |
| Villagers / military | 157 / 65 |
Focus
⚔️ 24.1% · 🌾 75.9%
Jaguar Warrior ×42 · Battering Ram ×18 · Trade Cart ×4 · Monk ×3 · Eagle Scout ×2
Feudal
13:01
Castle
27:34
Imperial
—
| APM avg | 39.0 |
| APM peak | 111 |
| eAPM avg | 12.7 |
| Villagers / military | 62 / 15 |
Focus
⚔️ 34.2% · 🌾 65.8%
Unknown (2550) ×42 · Archer ×13 · Battering Ram ×2
Match map
Initial resources + every placement click. Lines = walls · curves = elevation contours. ◆ gold · ⬟ stone · ● berries · ✦ relic · ◌ wall gap
Your base· ✓ Closed at 15:54 · 1t walls · 1 gate(s)
WooftyDoosh's base· ✓ Closed at 27:34 · 41t walls · 1 gate(s)
Smoothed initial terrain · ◌ = detected wall gap · hover for details
Inputs per minute
— -Miranda- - - WooftyDoosh
Build order — -Miranda-
First 150 of 346 actions detected
| 0:01 | Create | Villager (Male) |
| 0:04 | Build | House |
| 0:07 | Build | House |
| 0:08 | Create | Villager (Male) ×3 |
| 1:26 | Create | Villager (Male) |
| 1:27 | Create | Villager (Male) |
| 1:48 | Build | Lumber Camp |
| 2:00 | Create | Villager (Male) |
| 2:33 | Create | Villager (Male) |
| 2:33 | Create | Villager (Male) |
| 2:54 | Create | Villager (Male) |
| 3:06 | Create | Villager (Male) |
| 3:07 | Create | Villager (Male) |
| 3:43 | Create | Villager (Male) |
| 3:43 | Create | Villager (Male) |
| 3:47 | Build | Mill |
| 4:11 | Create | Villager (Male) |
| 4:18 | Build | House |
| 4:23 | Research | Loom |
| 4:47 | Create | Villager (Male) |
| 5:22 | Create | Villager (Male) |
| 5:23 | Create | Villager (Male) |
| 5:27 | Create | Villager (Male) |
| 6:18 | Create | Villager (Male) |
| 6:25 | Build | House |
| 6:57 | Create | Villager (Male) |
| 7:01 | Build | Mining Camp |
| 7:45 | Create | Villager (Male) |
| 8:01 | Create | Villager (Male) |
| 8:28 | Create | Villager (Male) |
| 9:08 | Create | Villager (Male) |
| 9:27 | Research | Feudal Age |
| 10:02 | Build | Palisade Wall |
| 10:32 | Build | House |
| 10:33 | Build | House |
| 10:53 | Create | Villager (Male) |
| 11:43 | Age | Feudal Age |
| 11:45 | Build | Blacksmith |
| 11:51 | Build | Barracks |
| 12:02 | Build | Market |
| 12:06 | Create | Villager (Male) |
| 12:43 | Build | Mill |
| 13:14 | Research | Castle Age |
| 13:17 | Build | House |
| 13:19 | Build | House |
| 13:56 | Create | Villager (Male) |
| 14:12 | Build | House |
| 14:16 | Build | Farm |
| 14:16 | Build | Farm |
| 14:17 | Research | Horse Collar |
| 14:35 | Build | House |
| 14:44 | Build | Gate |
| 14:51 | Build | House |
| 14:56 | Build | Farm |
| 14:56 | Build | Farm |
| 15:00 | Build | Farm |
| 15:02 | Build | Farm |
| 15:10 | Create | Villager (Male) |
| 15:29 | Build | Farm |
| 15:29 | Build | Farm |
| 15:52 | Create | Villager (Male) |
| 15:54 | Age | Castle Age |
| 15:59 | Build | Farm |
| 16:16 | Research | Double-Bit Axe |
| 16:18 | Create | Villager (Male) |
| 16:38 | Build | Town Center |
| 16:42 | Build | Farm |
| 16:45 | Build | Farm |
| 16:47 | Build | Farm |
| 16:50 | Create | Villager (Male) |
| 16:57 | Create | Villager (Male) |
| 17:19 | Create | Villager (Male) |
| 17:32 | Build | Farm |
| 17:35 | Create | Villager (Male) |
| 17:44 | Build | Farm |
| 17:58 | Research | Bow Saw |
| 18:13 | Create | Villager (Male) |
| 18:31 | Create | Villager (Male) |
| 18:32 | Create | Villager (Male) |
| 18:34 | Create | Villager (Male) |
| 18:34 | Create | Villager (Male) |
| 18:36 | Build | Farm |
| 18:36 | Build | Farm |
| 18:36 | Build | Farm |
| 18:38 | Create | Villager (Male) |
| 18:38 | Create | Villager (Male) |
| 19:08 | Create | Villager (Male) |
| 19:08 | Create | Villager (Male) |
| 19:08 | Create | Villager (Male) |
| 19:11 | Create | Villager (Male) |
| 19:12 | Create | Villager (Male) |
| 19:29 | Create | Villager (Male) |
| 19:30 | Create | Villager (Male) |
| 19:39 | Create | Villager (Male) |
| 19:51 | Create | Villager (Male) |
| 19:52 | Create | Villager (Male) |
| 19:52 | Create | Villager (Male) |
| 19:52 | Create | Villager (Male) |
| 20:06 | Create | Villager (Male) |
| 20:07 | Create | Villager (Male) |
| 20:22 | Create | Villager (Male) |
| 20:22 | Create | Villager (Male) |
| 20:22 | Create | Villager (Male) |
| 20:31 | Build | Farm |
| 20:31 | Build | Farm |
| 20:32 | Build | Farm |
| 20:32 | Build | Farm |
| 20:33 | Build | Farm |
| 20:40 | Build | Town Center |
| 20:42 | Create | Villager (Male) |
| 20:42 | Create | Villager (Male) |
| 20:42 | Create | Villager (Male) |
| 20:56 | Research | Scale Mail Armor |
| 20:56 | Research | Scale Mail Armor |
| 21:00 | Create | Villager (Male) |
| 21:00 | Create | Villager (Male) |
| 21:07 | Build | Farm |
| 21:20 | Research | Forging |
| 21:27 | Create | Villager (Male) |
| 21:27 | Create | Villager (Male) |
| 21:27 | Create | Villager (Male) |
| 21:54 | Build | House |
| 22:04 | Create | Villager (Male) |
| 22:04 | Create | Villager (Male) |
| 22:05 | Create | Villager (Male) |
| 22:14 | Create | Villager (Male) |
| 22:14 | Create | Villager (Male) |
| 22:14 | Create | Villager (Male) |
| 22:15 | Create | Villager (Male) |
| 22:47 | Build | Farm |
| 22:58 | Build | Monastery |
| 23:00 | Build | Lumber Camp |
| 23:05 | Create | Villager (Male) |
| 23:05 | Create | Villager (Male) |
| 23:05 | Create | Villager (Male) |
| 23:05 | Create | Villager (Male) |
| 23:06 | Create | Villager (Male) |
| 23:06 | Create | Villager (Male) |
| 23:06 | Create | Villager (Male) |
| 23:06 | Create | Villager (Male) |
| 23:06 | Create | Villager (Male) |
| 23:19 | Create | Monk |
| 23:19 | Create | Monk |
| 23:50 | Create | Villager (Male) |
| 23:51 | Create | Villager (Male) |
| 23:51 | Create | Villager (Male) |
| 23:52 | Create | Villager (Male) |
| 23:57 | Build | Farm |
| 23:58 | Build | Farm |
| 24:45 | Build | Siege Workshop |
Build order — WooftyDoosh
First 150 of 234 actions detected
| 0:00 | Create | Villager (Male) |
| 0:00 | Create | Villager (Male) |
| 0:01 | Create | Villager (Male) |
| 0:01 | Create | Villager (Male) |
| 0:03 | Build | House |
| 0:38 | Build | Barracks |
| 1:40 | Create | Unit 2550 |
| 1:52 | Create | Villager (Male) |
| 2:15 | Create | Villager (Male) |
| 2:35 | Create | Unit 2550 |
| 2:57 | Create | Villager (Male) |
| 3:30 | Create | Villager (Male) |
| 3:36 | Build | House |
| 3:43 | Create | Unit 2550 |
| 3:44 | Create | Unit 2550 |
| 4:05 | Create | Villager (Male) |
| 4:25 | Create | Villager (Male) |
| 4:26 | Create | Unit 2550 |
| 5:09 | Create | Villager (Male) |
| 5:09 | Create | Villager (Male) |
| 5:26 | Create | Villager (Male) |
| 6:11 | Build | Settlement |
| 6:34 | Create | Villager (Male) |
| 6:34 | Create | Villager (Male) |
| 6:35 | Create | Villager (Male) |
| 6:38 | Build | House |
| 7:08 | Create | Villager (Male) |
| 8:03 | Create | Villager (Male) |
| 8:04 | Create | Villager (Male) |
| 8:26 | Build | Settlement |
| 8:31 | Create | Villager (Male) |
| 8:31 | Create | Villager (Male) |
| 8:55 | Build | Outpost |
| 8:57 | Create | Villager (Male) |
| 9:13 | Create | Villager (Male) |
| 9:27 | Build | Settlement |
| 10:51 | Research | Feudal Age |
| 10:57 | Create | Unit 2550 |
| 11:14 | Build | Settlement |
| 11:44 | Create | Unit 2550 |
| 12:00 | Create | Unit 2550 |
| 12:05 | Create | Villager (Male) |
| 12:10 | Build | House |
| 12:16 | Build | Palisade Wall |
| 12:21 | Build | Palisade Gate |
| 13:01 | Age | Feudal Age |
| 13:08 | Build | Watch Tower |
| 13:13 | Research | Tech 1402 |
| 13:19 | Research | Double-Bit Axe |
| 13:21 | Create | Villager (Male) |
| 13:37 | Create | Villager (Male) |
| 13:45 | Create | Unit 2550 |
| 14:24 | Build | Watch Tower |
| 14:31 | Research | Arson |
| 14:34 | Create | Villager (Male) |
| 14:40 | Create | Villager (Male) |
| 15:11 | Build | Farm |
| 15:14 | Research | Loom |
| 15:16 | Create | Villager (Male) |
| 15:18 | Create | Unit 2550 |
| 15:42 | Build | Outpost |
| 16:00 | Build | Archery Range |
| 16:04 | Create | Villager (Male) |
| 16:10 | Create | Unit 2550 |
| 16:20 | Build | Blacksmith |
| 16:31 | Create | Villager (Male) |
| 16:33 | Create | Unit 2550 |
| 16:39 | Create | Archer |
| 16:39 | Create | Archer |
| 16:50 | Build | Settlement |
| 16:56 | Build | Outpost |
| 17:00 | Build | Outpost |
| 17:18 | Create | Villager (Male) |
| 17:20 | Create | Unit 2550 |
| 17:22 | Create | Archer |
| 17:35 | Build | Farm |
| 17:35 | Build | Farm |
| 17:35 | Build | Farm |
| 17:36 | Build | Farm |
| 17:42 | Create | Villager (Male) |
| 17:46 | Create | Unit 2550 |
| 17:49 | Create | Villager (Male) |
| 18:10 | Research | Forging |
| 18:16 | Create | Archer |
| 18:18 | Create | Villager (Male) |
| 18:53 | Build | Palisade Wall |
| 18:55 | Build | Palisade Wall |
| 18:58 | Build | Palisade Wall |
| 18:59 | Build | Palisade Wall |
| 19:04 | Create | Archer |
| 19:07 | Create | Unit 2550 |
| 19:09 | Create | Villager (Male) |
| 19:13 | Research | Fletching |
| 19:17 | Create | Archer |
| 19:31 | Build | Market |
| 19:37 | Create | Villager (Male) |
| 19:41 | Research | Horse Collar |
| 19:45 | Create | Unit 2550 |
| 19:55 | Build | Outpost |
| 20:00 | Build | Outpost |
| 20:05 | Build | Outpost |
| 20:25 | Build | Outpost |
| 20:27 | Create | Archer |
| 20:29 | Create | Villager (Male) |
| 20:30 | Create | Unit 2550 |
| 20:41 | Build | Palisade Wall |
| 20:42 | Build | Palisade Wall |
| 20:44 | Build | Palisade Wall |
| 20:45 | Build | Palisade Wall |
| 20:53 | Create | Villager (Male) |
| 20:56 | Create | Unit 2550 |
| 20:58 | Create | Archer |
| 21:29 | Build | Watch Tower |
| 21:39 | Create | Unit 2550 |
| 21:40 | Create | Villager (Male) |
| 21:46 | Create | Archer |
| 22:22 | Build | Watch Tower |
| 22:31 | Create | Villager (Male) |
| 22:39 | Create | Unit 2550 |
| 23:00 | Create | Villager (Male) |
| 23:16 | Build | Palisade Wall |
| 23:17 | Build | Palisade Wall |
| 23:19 | Build | Palisade Wall |
| 23:20 | Build | Palisade Wall |
| 23:24 | Create | Villager (Male) |
| 23:31 | Build | Farm |
| 23:31 | Build | Farm |
| 23:31 | Build | Farm |
| 23:31 | Build | Farm |
| 23:32 | Build | Farm |
| 23:32 | Build | Farm |
| 23:32 | Build | Farm |
| 23:32 | Build | Farm |
| 23:33 | Build | Farm |
| 23:42 | Build | Farm |
| 23:42 | Build | Farm |
| 23:42 | Build | Farm |
| 24:20 | Create | Unit 2550 |
| 24:23 | Build | Palisade Wall |
| 24:24 | Build | Palisade Wall |
| 24:34 | Build | Watch Tower |
| 24:54 | Research | Castle Age |
| 25:18 | Create | Unit 2550 |
| 25:20 | Research | Scale Mail Armor |
| 25:26 | Research | Gold Mining |
| 25:31 | Build | Palisade Wall |
| 25:32 | Build | Palisade Wall |
| 25:33 | Build | Palisade Wall |
| 25:52 | Build | Outpost |
| 25:56 | Build | Outpost |
Match timeline
| 0:38 | WooftyDoosh · first_building Barracks |
| 10:02 | -Miranda- · wall_segment Palisade Wall x1 |
| 11:43 | -Miranda- · age_up feudal |
| 11:51 | -Miranda- · first_building Barracks |
| 12:16 | WooftyDoosh · wall_segment Palisade Wall x9 |
| 13:01 | WooftyDoosh · age_up feudal |
| 15:54 | -Miranda- · age_up castle |
| 16:00 | WooftyDoosh · first_building Archery Range |
| 18:53 | WooftyDoosh · wall_segment Palisade Wall x2 |
| 18:55 | WooftyDoosh · wall_segment Palisade Wall x2 |
| 18:58 | WooftyDoosh · wall_segment Palisade Wall x2 |
| 18:59 | WooftyDoosh · wall_segment Palisade Wall x1 |
| 20:41 | WooftyDoosh · wall_segment Palisade Wall x4 |
| 20:42 | WooftyDoosh · wall_segment Palisade Wall x2 |
| 20:44 | WooftyDoosh · wall_segment Palisade Wall x2 |
| 20:45 | WooftyDoosh · wall_segment Palisade Wall x1 |
| 22:58 | -Miranda- · first_building Monastery |
| 23:16 | WooftyDoosh · wall_segment Palisade Wall x3 |
| 23:17 | WooftyDoosh · wall_segment Palisade Wall x2 |
| 23:19 | WooftyDoosh · wall_segment Palisade Wall x2 |
| 23:20 | WooftyDoosh · wall_segment Palisade Wall x1 |
| 24:23 | WooftyDoosh · wall_segment Palisade Wall x2 |
| 24:24 | WooftyDoosh · wall_segment Palisade Wall x1 |
| 24:41 | WooftyDoosh · first_market_buy 100 food |
| 24:45 | -Miranda- · first_building Siege Workshop |
| 24:46 | WooftyDoosh · first_market_sell 100 wood |
| 25:31 | WooftyDoosh · wall_segment Palisade Wall x2 |
| 25:32 | WooftyDoosh · wall_segment Palisade Wall x2 |
| 25:33 | WooftyDoosh · wall_segment Palisade Wall x1 |
| 26:24 | -Miranda- · first_market_sell 100 wood |
| 27:34 | WooftyDoosh · age_up castle |
| 28:40 | -Miranda- · first_building Castle |
| 28:47 | WooftyDoosh · first_building Siege Workshop |
| 34:24 | -Miranda- · first_market_buy 100 stone |
| 36:16 | WooftyDoosh · first_building Monastery |
| 40:32 | WooftyDoosh · resign |
[ AI ANALYSIS · 1 CREDIT ]
What really happened in this match?
Wolo.gg analyzes every decision: build order, eco, micro, common mistakes by bracket. Personalized analysis on WhatsApp or Discord in 30 seconds.
Civ guide
Aztecs
Map guide
Enclosed
Perfil
-Miranda-